 Dungeon Crawl Stone Soup version 0.25-a0-458-g6fc7858 (webtiles) character file.

Game seed: 14397148243935981752, levelgen mode: deterministic

43769 CanOfBees the Grappler (level 13, -4/106 HPs)
             Began as a Demonspawn Gladiator on Feb 1, 2020.
             Was a High Priest of Okawaru.
             Succumbed to a swamp dragon's poison gas
             ... on level 6 of the Lair of Beasts on Feb 2, 2020.
             The game lasted 00:41:19 (27511 turns).

CanOfBees the Grappler (Demonspawn Gladiator)      Turns: 27511, Time: 00:41:20

Health: -4/106     AC: 18    Str: 20    XL:     13   Next: 92%
Magic:  28/29      EV: 15    Int: 13    God:    Okawaru [*****.]
Gold:   1058       SH: 23    Dex: 14    Spells: 14/14 levels left

rFire    . . .     SeeInvis .     - Unarmed
rCold    . . .     Gourm    .   l - +3 large shield {reflect}
rNeg     + . .     Faith    .   E - +3 scale mail
rPois    .         Spirit   .   S - +1 hat {Int+3}
rElec    .         Reflect  +   X - +1 cloak
rCorr    .         Harm     .   (no gloves)
MR       .....                  K - +2 pair of boots
Stlth    +.........             m - +2 amulet of reflection
HPRegen  0.27/turn              p - ring of positive energy
MPRegen  0.21/turn              V - ring of magical power

@: lethally poisoned (-4 -> -109), heroism, very slightly contaminated, very
slow
A: antennae 2, claws 2, hooves 2, demonic guardian 1, spiny 2
a: Heroism, Finesse, Renounce Religion


You were on level 6 of the Lair of Beasts.
You worshipped Okawaru.
Okawaru was extremely pleased with you.
You were not hungry.

You visited 2 branches of the dungeon, and saw 17 of its levels.

You collected 1058 gold pieces.

Inventory:

Hand Weapons
 b - a +3 morningstar
Missiles
 e - 601 stones
 i - a throwing net
 v - 8 boomerangs
 y - a datura-tipped dart
 D - 15 poisoned darts
 H - 2 atropa-tipped darts
 L - 27 javelins (quivered)
 R - 9 silver javelins
Armour
 l - a +3 large shield of reflection (worn)
 E - a +3 scale mail (worn)
 K - a +2 pair of boots (worn)
 S - a +1 hat of intelligence (worn)
 X - a +1 cloak (worn)
Jewellery
 m - a +2 amulet of reflection (around neck)
 p - a ring of positive energy (left claw)
 s - an uncursed amulet of regeneration {unknown}
 V - a ring of magical power (right claw)
 Y - an uncursed amulet of faith {unknown}
Wands
 d - a wand of polymorph (7)
 j - a wand of paralysis (1)
 C - a wand of acid (6)
 J - a wand of digging (1)
 M - a wand of iceblast (15)
 T - a wand of flame (16)
 U - a wand of clouds (7)
 Z - a wand of scattershot (6)
Scrolls
 g - a scroll of fear
 h - 14 scrolls of remove curse
 n - 7 scrolls of fog
 o - a scroll of random uselessness {unknown}
 u - a scroll of blinking
 w - 2 scrolls of immolation
 z - 2 scrolls of noise {unknown}
 G - a scroll of acquirement {unknown}
 I - a scroll of torment {unknown}
 P - a scroll of magic mapping {unknown}
 Q - a scroll of holy word {unknown}
 W - a scroll of vulnerability {unknown}
Potions
 a - 5 potions of flight
 c - 5 potions of curing
 q - a potion of cancellation
 r - a potion of haste {unknown}
 t - 4 potions of might
 x - 3 potions of agility
 A - a potion of mutation {unknown}
 B - 2 potions of lignification
 F - 2 potions of heal wounds
 N - a potion of magic {unknown}
 O - 2 potions of ambrosia {unknown}
Comestibles
 f - 25 rations


   Skills:
 + Level 11.1(16.1) Fighting
   Level 3.0(8.0) Axes
 + Level 8.8(13.8) Throwing
 - Level 4.0(9.0) Armour
 - Level 8.0(13.0) Dodging
 + Level 7.4(12.4) Shields
 * Level 11.7(16.7) Unarmed Combat
 + Level 1.0 Spellcasting
 - Level 10.0 Invocations
 - Level 4.1 Evocations


You had 14 spell levels left.
You didn't know any spells.
Your spell library contained the following spells:

 Spells                   Type           Power        Failure   Level  Hunger
 Beastly Appendage        Tmut           #.....       98%         1    ##.....
 Magic Dart               Conj           #...         98%         1    ##.....
 Searing Ray              Conj           #.....       99%         2    ###....
 Sticks to Snakes         Tmut           #.......     99%         2    ###....
 Dazzling Flash           Conj/Hex       #.....       100%        3    ####...
 Spider Form              Tmut/Pois      #.........   100%        3    ####...
 Fulminant Prism          Conj/Hex       #.........   100%        4    #####..
 Ice Form                 Ice/Tmut       #.......     100%        4    #####..
 Iskenderun's Mystic Bla  Conj/Tloc      #.......     100%        4    #####..
 Leda's Liquefaction      Hex/Erth       #.........   100%        4    #####..
 Blade Hands              Tmut           #.........   100%        5    ######.
 Bolt of Magma            Conj/Fire/Erth #.........   100%        5    ######.
 Iron Shot                Conj/Erth      #.........   100%        6    #######
 Statue Form              Tmut/Erth      #........    100%        6    #######
 Shatter                  Erth           #.........   100%        9    #######


Dungeon Overview and Level Annotations

Branches:
Dungeon (11/15)            Temple (0/1) D:4            Lair (6/6) D:8
  Swamp (0/4) Lair:2       Spider (0/4) Lair:3        Slime (0/5) Lair:6
    Orc (0/2) D:10

Altars:
Nemelex Xobeh
Okawaru
Ru
Trog
Wu Jian
Yredelemnul
The Shining One

Annotations:
D:6 2 transporters
D:10 2 transporters, Trismagistus's ghost, journeyman GrEE
Lair:3 3 runed translucent doors, Vudghoppo's ghost, journeyman HOFi


Innate Abilities, Weirdness & Mutations

You have a pair of antennae on your head.
You have very sharp fingernails.
You have hoof-like feet.
A weak demonic guardian rushes to your aid.
You are mostly covered in sharp spines.


Message History

Aim: a swamp dragon (poison gas, lightly wounded, catching its breath)
You throw a javelin.
The javelin pierces through the swamp dragon!
The swamp dragon is moderately wounded.
You hear a splash.
You are engulfed in poison gas.
You are more poisoned.
* * * LOW HITPOINT WARNING * * *
x2 You feel very sick.
Your iron imp hits the swamp dragon.
Throwing (i - inventory. (/) - cycle)
L - 28 javelins (quivered)
Press: ? - help, Shift-Dir - straight line, f/p - swamp dragon
Aim: a swamp dragon (water, moderately wounded, catching its breath)
You throw a javelin.
The javelin closely misses the swamp dragon.
You hear a splash.
You are engulfed in poison gas.
You are more poisoned.
* * * LOW HITPOINT WARNING * * *
You die...

≈.♣♣ ♣P≈≈≈
#............. ÷≈≈♣♣
♣♣..≈.. ♣♣
#........#####
.P.≈♣♣♣..≈.. ♣.♣
#..##.#.## # ♣..°≈≈≈.≈♣
♣♣..♣ ##..######
♣..5..≈≈≈♣♣ .... #..##
♣♣...DP.≈≈♣♣.. ♣#...##
♣♣.○♣°.♣≈≈≈♣♣♣♣♣♣...#.#
♣♣♣.○○♣♣.≈°☼♣.≈≈P..###
♣♣○°.D(°°D≈≈@.....#
♣♣♣♣P♣.♣5°♣♣≈...P#
♣♣♣♣♣♣♣♣♣♣≈...# ♣.♣.♣♣♣
♣P...# ######.##..#
##..P# ###........###
#..### #........###
#.## ##.......# ###
##......#


You could see a fire dragon, a swamp dragon and a friendly iron imp.

Vanquished Creatures
  Rupert (Lair:3)
  Gastronok (Lair:2)
  7 hydras
  A catoblepas (Lair:3)
  A death yak (D:9)
  Urug (D:10)
  An ugly thing (D:11)
  6 elephants
  A gargoyle (D:11)
  4 black mambas
  10 spiny frogs
  11 komodo dragons
  6 rime drakes
  A demonic crawler (Lair:3)
  2 trolls
  2 polar bears
  8 blink frogs
  10 dream sheep
  6 hippogriffs
  A spriggan (D:7)
  A wyvern (Lair:4)
  Sigmund (D:4)
  29 yaks
  5 basilisks
  An acid dragon (Lair:6)
  7 water moccasins
  A swamp drake (D:10)
  2 black bears
  4 porcupines
  A sky beast (D:7)
  3 orc warriors (D:10)
  A necrophage (D:11)
  4 ogres
  2 phantoms (D:4)
  3 ice beasts
  12 wolves
  A centaur (D:7)
  11 crocodiles
  14 bullfrogs
  A gnoll sergeant (D:10)
  A wyvern skeleton (D:6)
  4 scorpions
  A water moccasin skeleton (D:8)
  6 killer bees (D:8)
  9 wights
  8 howler monkeys
  6 crimson imps
  2 bullfrog zombies
  2 hounds
  4 jellies
  4 orc wizards
  6 orc priests
  10 iguanas
  12 worker ants
  A bullfrog simulacrum (D:9)
  A centaur simulacrum (D:9)
  2 hound skeletons
  A hound zombie (D:6)
  2 howler monkey zombies
  Robin (D:3)
  A howler monkey skeleton (D:4)
  16 adders
  7 gnolls
  A hound simulacrum (D:9)
  5 shadow imps
  6 white imps (D:9)
  A worker ant simulacrum (D:9)
  3 ufetubi
  3 oozes
  An adder skeleton (D:4)
  5 worms
  A dart slug (D:1)
  An adder simulacrum (D:9)
  2 leopard geckos
  28 orcs
  7 giant cockroaches
  16 goblins
  9 hobgoblins
  3 jackals (D:1)
  8 kobolds
  5 quokkas
  8 bats
  5 frilled lizards
  A jackal skeleton (D:3)
  A leopard gecko skeleton (D:4)
  5 rats
  A plant (D:8)
418 creatures vanquished.

Vanquished Creatures (collateral kills)
  3 hydras
  A two-headed ogre (D:8)
  3 spiny frogs
  A rime drake (Lair:6)
  A blink frog (Lair:3)
  A hippogriff (D:7)
  A basilisk (Lair:6)
  4 yaks
  A hungry ghost (D:7)
  A porcupine (D:8)
  2 sky beasts
  A scorpion (Lair:3)
  A hound (D:8)
  An orc wizard (D:10)
  A hound skeleton (D:8)
  A shadow imp (D:8)
  A worker ant simulacrum (D:9)
  A quokka (D:8)
26 creatures vanquished.

Vanquished Creatures (others)
  An orc warrior (D:8)
  A centaur (D:10)
  42 fungi
  33 plants
  4 withered plants (Lair:3)
81 creatures vanquished.

Grand Total: 525 creatures vanquished

Notes
Turn   | Place    | Note
-------+----------+-------------------------------------------
     0 | D:1      | CanOfBees the Demonspawn Gladiator began the quest for the
                  | Orb.
     0 | D:1      | Reached XP level 1. HP: 16/16 MP: 1/1
   287 | D:1      | Gained mutation: You have large cloven feet. [demonic
                  | ancestry]
   287 | D:1      | Reached XP level 2. HP: 11/22 MP: 2/2
   951 | D:1      | Gained mutation: You have sharp fingernails. [demonic
                  | ancestry]
   951 | D:1      | Reached XP level 3. HP: 27/28 MP: 3/3
  1910 | D:2      | Found an iron altar of Okawaru.
  1915 | D:2      | Became a worshipper of Warmaster Okawaru
  2194 | D:2      | Gained mutation: You have hoof-like feet. [demonic
                  | ancestry]
  2194 | D:2      | Reached XP level 4. HP: 34/34 MP: 4/4
  2396 | D:2      | Found a basalt altar of Yredelemnul.
  2955 | D:3      | Found a sparkling altar of Nemelex Xobeh.
  3005 | D:3      | Reached skill level 1 in Unarmed Combat
  3010 | D:3      | Noticed Robin
  3018 | D:3      | Reached skill level 1 in Invocations
  3443 | D:3      | Killed Robin
  3443 | D:3      | Reached XP level 5. HP: 41/41 MP: 6/6
  3865 | D:3      | Found a sacrificial altar of Ru.
  4328 | D:4      | Noticed a phantom
  4356 | D:4      | HP: 2/41 [poisoned by a worker ant]
  4363 | D:3      | HP: 2/61 [poisoned by a worker ant]
  4784 | D:4      | Killed a phantom
  4784 | D:4      | Gained mutation: You have a pair of small antennae on your
                  | head. [demonic ancestry]
  4784 | D:4      | Reached XP level 6. HP: 42/47 MP: 7/7
  4875 | D:4      | Reached skill level 1 in Armour
  5206 | D:4      | Reached * piety under Okawaru
  5242 | D:4      | Noticed Sigmund
  5252 | D:4      | Gained mutation: A weak demonic guardian rushes to your
                  | aid. [demonic ancestry]
  5252 | D:4      | Reached XP level 7. HP: 37/53 MP: 9/9
  5258 | D:4      | Killed Sigmund
  5838 | D:4      | Found a staircase to the Ecumenical Temple.
  6006 | D:5      | Entered Level 5 of the Dungeon
  6054 | D:5      | Reached ** piety under Okawaru
  6304 | D:5      | Gained mutation: You have a pair of antennae on your head.
                  | [demonic ancestry]
  6304 | D:5      | Reached XP level 8. HP: 49/61 MP: 11/11
  7695 | D:6      | Reached skill level 5 in Invocations
  7966 | D:6      | Reached skill level 5 in Fighting
  7985 | D:6      | Found a transporter.
  8007 | D:6      | Reached skill level 5 in Dodging
  8513 | D:6      | Noticed a kobold demonologist
  8524 | D:6      | Found a transporter.
  8531 | D:6      | Noticed an orc high priest
  9133 | D:7      | Reached *** piety under Okawaru
  9155 | D:7      | Gained mutation: You have very sharp fingernails. [demonic
                  | ancestry]
  9155 | D:7      | Reached XP level 9. HP: 62/68 MP: 13/13
  9865 | D:7      | Reached skill level 5 in Throwing
 10507 | D:8      | Noticed a two-headed ogre
 10574 | D:8      | Killed a two-headed ogre
 10574 | D:8      | Reached **** piety under Okawaru
 10606 | D:8      | Found an ornate altar of the Wu Jian Council.
 10631 | D:8      | Reached skill level 5 in Unarmed Combat
 10847 | D:8      | Found a bloodstained altar of Trog.
 10884 | D:8      | Reached ***** piety under Okawaru
 10884 | D:8      | Reached XP level 10. HP: 50/77 MP: 15/15
 11220 | D:8      | Found a staircase to the Lair.
 11239 | D:8      | Received a gift from Okawaru
 12135 | D:9      | Found a glowing golden altar of the Shining One.
 12199 | D:9      | Noticed a death yak
 12221 | D:9      | Killed a death yak
 12759 | D:10     | Entered Level 10 of the Dungeon
 13423 | D:10     | Noticed Trismagistus's ghost (journeyman GrEE)
 13432 | D:10     | Found a transporter.
 13451 | D:10     | Found a transporter.
 13690 | D:10     | Gained mutation: You are partially covered in sharp spines.
                  | [demonic ancestry]
 13690 | D:10     | Reached XP level 11. HP: 76/86 MP: 15/18
 13733 | D:10     | Reached skill level 1 in Shields
 13962 | D:10     | Found a staircase to the Orcish Mines.
 14434 | D:10     | Noticed Urug
 14448 | D:10     | Killed Urug
 14448 | D:10     | Received a gift from Okawaru
 15229 | D:11     | Noticed a red ugly thing
 15258 | D:11     | Killed a red ugly thing
 15258 | D:11     | Received a gift from Okawaru
 15393 | D:11     | Reached skill level 10 in Invocations
 15776 | Lair:1   | Entered Level 1 of the Lair of Beasts
 16146 | Lair:1   | Noticed a four-headed hydra
 16161 | Lair:1   | Killed a four-headed hydra
 16161 | Lair:1   | Reached skill level 1 in Evocations
 16418 | Lair:1   | Noticed a four-headed hydra
 16424 | Lair:1   | Killed a four-headed hydra
 16424 | Lair:1   | Reached ****** piety under Okawaru
 16424 | Lair:1   | Received a gift from Okawaru
 16988 | Lair:1   | Received a gift from Okawaru
 17678 | Lair:2   | Noticed Gastronok
 17698 | Lair:2   | Killed Gastronok
 17698 | Lair:2   | Received a gift from Okawaru
 17698 | Lair:2   | Received a gift from Okawaru
 17710 | Lair:2   | Reached XP level 12. HP: 42/95 MP: 15/19
 18184 | Lair:2   | Noticed a four-headed hydra
 18209 | Lair:2   | Killed a four-headed hydra
 18231 | Lair:2   | Noticed an eight-headed hydra
 18402 | Lair:2   | Killed an eight-headed hydra
 18478 | Lair:2   | Found a staircase to the Swamp.
 19230 | Lair:2   | Received a gift from Okawaru
 19724 | Lair:3   | Noticed a catoblepas
 19738 | Lair:3   | Killed a catoblepas
 19738 | Lair:3   | Reached skill level 5 in Shields
 19942 | Lair:3   | Found a runed translucent gate.
 19942 | Lair:3   | Found a runed translucent gate.
 19942 | Lair:3   | Found a runed translucent gate.
 19942 | Lair:3   | Noticed Vudghoppo's ghost (journeyman HOFi)
 19943 | Lair:3   | Noticed Vudghoppo's ghost (journeyman HOFi)
 19964 | Lair:3   | Noticed an eight-headed hydra
 19977 | Lair:3   | Killed an eight-headed hydra
 20121 | Lair:3   | Found a hole to the Spider Nest.
 20212 | Lair:3   | Noticed a seven-headed hydra
 20224 | Lair:3   | Killed a seven-headed hydra
 20224 | Lair:3   | Reached skill level 10 in Fighting
 20730 | Lair:3   | Noticed Rupert
 21490 | Lair:3   | Killed Rupert
 21490 | Lair:3   | Reached skill level 10 in Unarmed Combat
 21490 | Lair:3   | Gained mutation: You are mostly covered in sharp spines.
                  | [demonic ancestry]
 21490 | Lair:3   | Reached XP level 13. HP: 42/103 MP: 17/20
 21494 | Lair:3   | Received a gift from Okawaru
 24937 | Lair:6   | Entered Level 6 of the Lair of Beasts
 25364 | Lair:6   | Received a gift from Okawaru
 26149 | Lair:6   | Received a gift from Okawaru
 26397 | Lair:6   | Found a staircase to the Slime Pits.
 27246 | Lair:6   | Reached skill level 1 in Spellcasting
 27251 | Lair:6   | Received a gift from Okawaru
 27494 | Lair:6   | Noticed a fire dragon
 27511 | Lair:6   | HP: 3/106 [swamp dragon] (8)]
 27511 | Lair:6   | Succumbed to a swamp dragon's poison gas

Levels and vault maps discovered:
D:1:      dpeg_arrival_morbid_curiosity, layout_basic
D:2:      layout_basic, lemuel_doored_altar, lemuel_statue_altar
D:3:      layout_basic, lemuel_round_altar, nemelex_xobeh_ov_fountains_minmay,
          first_ration, uniq_robin
D:4:      layout_loops_ring, minmay_temple_entry_glassed_door, minmay_distorted,
          uniq_sigmund
D:5:      layout_rooms
D:6:      gammafunk_wand_slinger, layout_basic, corexii_leaking_fountain
D:7:      layout_cave_pods, the_bakery
D:8:      layout_rooms, grunt_temple_overflow_open, due_lair_maze_entry_diamond
D:9:      layout_rooms, overflow_temple_1_default, serial_ice, serial_ice_e,
          serial_ice_o, serial_ice_n, serial_ice_l, serial_ice_b, serial_ice_h,
          serial_ice_d, serial_ice_a, serial_ice_g, serial_ice_f
D:10:     layout_layer_cave, erik_orc_1, gammafunk_ghost_stat_death, uniq_urug
D:11:     layout_long_grid
Lair:1:   layout_regular_city, lemuel_fruit_tree
Lair:2:   layout_regular_city, palyth_hydra_swamp_entry, lemuel_fruit_fields,
          uniq_gastronok
Lair:3:   layout_cave_pods, nicolae_spider_entry_non_spiders,
          gammafunk_ghost_cemetery, uniq_rupert
Lair:4:   layout_roguey
Lair:5:   layout_hall_layers, serial_bayou_shore_b
Lair:6:   hangedman_lair_caniforms_friends, layout_big_grid,
          guppyfry_lair_end_dragon, dpeg_slime_entry_corner

Skill      XL: |  1  2  3  4  5  6  7  8  9 10 11 12 13 |
---------------+----------------------------------------+-----
Throwing       | 2 3 4 5 6 7 8 |  8.8
Axes           | 3 |  3.0
Dodging        | 3 4 5 6 7 8 |  8.0
Unarmed Combat | 1 2 3 4 5 6 8 10 11 | 11.7
Invocations    | 1 2 3 4 5 7 9 10 | 10.0
Fighting       | 3 4 5 6 7 9 10 11 | 11.1
Armour         | 1 2 3 4 |  4.0
Shields        | 4 6 7 |  7.4
Evocations     | 3 4 |  4.1
Spellcasting   | 1 |  1.0

Action                   |  1- 3 |  4- 6 |  7- 9 | 10-12 | 13-15 || total
-------------------------+-------+-------+-------+-------+-------++-------
Melee: War axe           |    53 |       |       |       |       ||    53
       Kick              |    22 |    55 |   127 |    24 |       ||   228
       Unarmed           |    65 |   203 |   403 |   575 |   206 ||  1452
Throw: Stone             |    11 |    36 |    28 |     5 |     8 ||    88
       Throwing net      |     2 |     3 |     2 |       |       ||     7
       Boomerang         |       |       |     1 |    53 |    46 ||   100
       Dart              |       |       |    16 |    42 |     4 ||    62
       Javelin           |       |       |       |    60 |    77 ||   137
Invok: Heroism           |       |       |     7 |    25 |     6 ||    38
       Finesse           |       |       |       |     2 |     1 ||     3
Evoke: Wand              |       |       |     3 |     7 |     4 ||    14
  Use: Potion            |       |     4 |     1 |       |       ||     5
       Scroll            |       |       |     6 |    16 |     7 ||    29
 Stab: Held in net/web   |       |       |     2 |       |       ||     2
       Paralysed         |       |       |     3 |       |       ||     3
       Distracted        |       |       |     2 |     7 |       ||     9
  Eat: Chunk             |     4 |     7 |    15 |    24 |    15 ||    65
       Ration            |       |     1 |     1 |     3 |     1 ||     6
Armor: Leather armour    |    45 |    34 |       |       |       ||    79
       Ring mail         |       |     9 |    50 |       |       ||    59
       Scale mail        |       |       |    43 |   152 |    87 ||   282
Dodge: Dodged            |   111 |    46 |    94 |   128 |    55 ||   434
Block: Large shield      |    23 |    99 |   295 |   550 |   284 ||  1251
       Reflection        |     1 |     1 |     4 |    15 |     2 ||    23

Table legend:
 A = Non-vault XP
 B = Vault XP
 C = Vault XP percentage of total XP
 D = Non-vault monster count
 E = Vault monster count
 F = Vault count percentage of total count
                 A         B        C        D         E       F
            +---------+---------+-------+---------+---------+-------
      Total |   46168 |   16360 |  26.2 |     347 |      98 |  22.0
            +---------+---------+-------+---------+---------+-------
        D:1 |      49 |      10 |  16.9 |      24 |       5 |  17.2
        D:2 |      87 |       0 |   0.0 |      19 |       0 |   0.0
        D:3 |      75 |      37 |  33.0 |      17 |      13 |  43.3
        D:4 |     762 |     183 |  19.4 |      18 |       2 |  10.0
        D:5 |     725 |       0 |   0.0 |      25 |       0 |   0.0
        D:6 |     566 |       0 |   0.0 |      19 |       0 |   0.0
        D:7 |    1113 |     202 |  15.4 |      14 |       1 |   6.7
        D:8 |    1886 |    1074 |  36.3 |      30 |      10 |  25.0
        D:9 |    1089 |    2195 |  66.8 |      13 |      21 |  61.8
       D:10 |     771 |    1417 |  64.8 |      19 |      18 |  48.6
       D:11 |    1958 |       0 |   0.0 |      13 |       0 |   0.0
     Lair:1 |    5021 |       0 |   0.0 |      17 |       0 |   0.0
     Lair:2 |    4298 |    4366 |  50.4 |      20 |       5 |  20.0
     Lair:3 |    7207 |    3538 |  32.9 |      21 |       9 |  30.0
     Lair:4 |    4950 |       0 |   0.0 |      14 |       0 |   0.0
     Lair:5 |    6826 |       0 |   0.0 |      28 |       0 |   0.0
     Lair:6 |    8785 |    3338 |  27.5 |      36 |      14 |  28.0
            +---------+---------+-------+---------+---------+-------
